 Dungeon Crawl Stone Soup version 0.31.0-11-ge490571c62 (webtiles) character file.

Game seed: 7333876220890292398

30 sanka the Changeling (level 3, -3/39 HPs)
             Began as a Merfolk Shapeshifter on Feb 3, 2024.
             Slain by Terence
             ... wielding a +0 mace
              (6 damage)
             ... on level 2 of the Dungeon.
             The game lasted 00:01:10 (907 turns).

sanka the Changeling (Merfolk Shapeshifter)          Turns: 907, Time: 00:01:10

Health: -3/39      AC: 21    Str: 14    XL:     3   Next: 18%
Magic:  3/3        EV:  2    Int:  9    God:
Gold:   39         SH:  0    Dex: 15    Spells: 2/2 levels left

rFire   . .          .
                       - Unarmed
rCold   . . .        (no shield)
rNeg    . . .        a - melded +0 animal skin
rPois   +            (helmet currently unavailable)
rElec   .            (cloak currently unavailable)
rCorr   .            (gloves currently unavailable)
SInv    .            (boots currently unavailable)
Will    .....        (no amulet)
Stlth   +            (no ring)
HPRegen 0.26/turn    (no ring)
MPRegen 0.08/turn

%: no passive effects
@: tree-form
A: stationary, stasis, torment immunity, boosted hp, (nimble swimmer 2),
(mertail)
a: no special abilities


You were on level 2 of the Dungeon.
You were a tree.
You visited 1 branch of the dungeon, and saw 2 of its levels.

You collected 39 gold pieces.


Innate Abilities, Weirdness & Mutations

You are a tree.
Your roots penetrate the ground, keeping you stationary.
You cannot be teleported.
You are immune to unholy pain and torment.
Your maximum health is greatly increased.
Your equipment is partially melded.
((You are very nimble when in or above water. (Stealth+, EV+, Speed+++)))
((Your lower body shifts to a powerful aquatic tail in water.))


   Skills:
 - Level 1.1 Fighting
 - Level 2.6 Dodging
 - Level 3.2 Unarmed Combat
 + Level 5.4 Shapeshifting


You had 2 spell levels left.
You didn't know any spells.
Your spell library was empty.

Inventory:

Armour
 a - a +0 animal skin (melded)
Talismans
 c - a beast talisman
 d - a flux talisman
Scrolls
 f - 2 scrolls of teleportation {unknown}
 g - a scroll of identify {unknown}
 h - a scroll of torment {unknown}
Potions
 b - a potion of lignification {!q}
 e - a potion of enlightenment {unknown}
 i - a potion of attraction {unknown}

Dungeon Overview and Level Annotations

Branches:
Dungeon (2/15)

Altars:

Shops:
D:1 (

Annotations:
D:2 Terence

▒.▒▒▒▒ ▒....▒
▒▒▒▒.▒ ▒.▒ ▒.▒
▒▒▒▒▒ ▒.▒
▒▒▒▒▒▒...▒ ▒.▒
.........▒ ▒.▒
▒..♣.▒▒▒▒▒▒▒.▒
▒.@▒.........▒
▒.▒.▒▒▒▒▒▒▒▒▒▒
▒.▒▒ . ▒▒


You could see Terence.


Message History

Terence the Incautious comes into view.
He is wielding a +0 mace.
Terence shouts!
Terence is nearby!
Terence is nearby!
Terence barely misses you.
You punch Terence!
Terence is moderately wounded.
Terence hits you with a +0 mace.
You hit Terence.
Terence is heavily wounded.
Terence barely misses you.
You hit Terence.
Terence is severely wounded.
Terence hits you with a +0 mace.
You hit Terence.
Terence is severely wounded.
Terence hits you with a +0 mace!
* * * LOW HITPOINT WARNING * * *
You hit Terence.
Terence is almost dead.
Terence hits you with a +0 mace!
* * * LOW HITPOINT WARNING * * *
You hit Terence but do no damage.
Terence is almost dead.
Your transformation has ended.
You turn into a tree.
Your roots penetrate the ground.
Terence hits you with a +0 mace.
You die...
Terence says, "Time to find some more victims."

Action                     || total
---------------------------++-------
  Melee: Unarmed           ||    84
         Punch             ||     3
    Use: Potion            ||     1
 Armour: Animal skin       ||    48
         Skin              ||     1
  Dodge: Dodged            ||    51

Levels and vault maps discovered:
D:1:      wander_arrival_lonely_grave, layout_basic, serial_shops,
          nicolae_diamond_shop, serial_glass, glass_columns_c, glass_columns_a,
          feat_on_display, feat_on_display, minmay_strange_pillars,
          minmay_strange_pillars
D:2:      layout_loops_cross, minmay_misc_feat_x, uniq_crazy_yiuf_cottage,
          uniq_terence, uniq_sigmund

Notes
Turn   | Place    | Note
-------+----------+-------------------------------------------
     0 | D:1      | sanka the Merfolk Shapeshifter began the quest for the Orb.
     0 | D:1      | Reached XP level 1. HP: 15/15 MP: 1/1
   143 | D:1      | Reached XP level 2. HP: 21/21 MP: 2/2
   168 | D:1      | Found Cemah's Antique Weapon Emporium.
   284 | D:1      | Reached skill level 5 in Shapeshifting
   366 | D:1      | Reached XP level 3. HP: 24/26 MP: 3/3
   899 | D:2      | Noticed Terence
   905 | D:2      | HP: 1/26 [Terence/+0 mace (8)]
   907 | D:2      | Slain by Terence

Vanquished Creatures
  A dart slug (D:1)
  2 endoplasms (D:1)
  A giant cockroach (D:2)
  4 goblins (D:1)
  A hobgoblin (D:1)
  3 quokkas (D:1)
  4 ball pythons (D:1)
  4 bats (D:1)
  2 frilled lizards (D:1)
  3 kobolds (D:1)
  2 rats (D:1)
27 creatures vanquished.
